 Dungeon Sprint DCSS version 0.29.1-2-gbd0b4ee654 (webtiles) character file.

Game seed: 12549460791699634914

14647 Zeld the Executioner (level 11, 0/116 HPs)
             Began as a Minotaur Berserker on Oct 24, 2022.
             Was a High Priest of Trog.
             Engulfed by a cloud of steam (13 damage)
             ... in the Dungeon (Sprint I: "Red Sonja").
             The game lasted 00:06:42 (5504 turns).

Zeld the Executioner (Minotaur Berserker)           Turns: 5504, Time: 00:06:42

Health: 0/116      AC:  7    Str: 26    XL:     11   Next: 91%
Magic:  10/10      EV: 17    Int:  4    God:    Trog [*****.]
Gold:   466        SH:  0    Dex: 10    Spells: 10/10 levels left

rFire   . . .      SeeInvis .   a - +4 executioner's axe (flame)
rCold   . . .      Faith    .   (shield currently unavailable)
rNeg    . . .      Spirit   .   b - +0 animal skin
rPois   .          Reflect  .   (helmet restricted)
rElec   .          Harm     .   (no cloak)
rCorr   .          Rampage  .   j - +2 pair of gloves {infuse}
Will    .....      NoTele   +   (no boots)
Stlth   +.........              (no amulet)
HPRegen 0.29/turn               (no ring)
MPRegen 0.12/turn               (no ring)

@: no status effects
A: horns 2, retaliatory headbutt
a: Renounce Religion, Berserk, Trog's Hand, Brothers in Arms


You were in the Dungeon.
You worshipped Trog.
Trog was extremely pleased with you.
You visited 1 branch You collected 2082 gold pieces.
You spent 1616 gold pieces at shops.

Inventory:

Hand Weapons
 a - a +4 executioner's axe of flaming (weapon)
Armour
 b - a +0 animal skin (worn)
 j - a +2 pair of gloves of infusion (worn)
Wands
 d - a wand of mindburst (12)
 i - a wand of paralysis (2)
Scrolls
 l - 4 scrolls of fear
 m - 4 scrolls of identify
 o - 2 scrolls of immolation
 s - a scroll of poison
 t - 2 scrolls of magic mapping
 u - a scroll of silence
 v - a scroll of enchant armour
Potions
 c - 4 potions of curing
 e - a potion of haste
 f - 2 potions of magic
 g - a potion of berserk rage
 k - a potion of brilliance {unknown}
 n - a potion of ambrosia {unknown}
 q - 2 potions of cancellation {unknown}
Miscellaneous
 p - a phial of floods


   Skills:
 + Level 16.6 Fighting
 * Level 22.5 Axes
 + Level 16.5 Armour
 + Level 15.2 Dodging


You had 10 spell levels left.
You didn't know any spells.
Your spell library was empty.

Dungeon Overview and Level Annotations

Branches:
Dungeon (1/1)

Altars:
Cheibriados
Dithmenos
Elyvilon
Fedhas
Gozag
Hepliaklqana
Kikubaaqudgha
Makhleb
Nemelex Xobeh
Okawaru
Qazlal
Ru
Sif Muna
Trog
Uskayaw
Vehumet
Wu Jian
Xom
Yredelemnul
Zin
The Shining One
Jiyva
Lugonu

Shops:
D [?:[**[:=(?=([?[:


Innate Abilities, Weirdness & Mutations

You have a pair of horns on your head.
You reflexively headbutt those who attack you in melee.


Message History

You see here 27 gold pieces.
You now have 277 gold pieces (gained 27).
You are engulfed in a cloud of scalding steam.
You are engulfed in a cloud of scalding steam.
You see here 27 gold pieces.
You now have 304 gold pieces (gained 27).
You are engulfed in a cloud of scalding steam.
You are engulfed in a cloud of scalding steam.
You see here 27 gold pieces.
You now have 331 gold pieces (gained 27).
You are engulfed in a cloud of scalding steam.
You are engulfed in a cloud of scalding steam.
You see here 27 gold pieces.
You now have 358 gold pieces (gained 27).
You are engulfed in a cloud of scalding steam.
You are engulfed in a cloud of scalding steam.
You see here 27 gold pieces.
You now have 385 gold pieces (gained 27).
You are engulfed in a cloud of scalding steam.
You are engulfed in a cloud of scalding steam.
You see here 27 gold pieces.
You now have 412 gold pieces (gained 27).
You are engulfed in a cloud of scalding steam.
You are engulfed in a cloud of scalding steam.
* * * LOW HITPOINT WARNING * * *
You see here 27 gold pieces.
You now have 439 gold pieces (gained 27).
You are engulfed in a cloud of scalding steam.
* * * LOW HITPOINT WARNING * * *
You are engulfed in a cloud of scalding steam.
* * * LOW HITPOINT WARNING * * *
You see here 27 gold pieces.
You now have 466 gold pieces (gained 27).
You are engulfed in a cloud of scalding steam.
* * * LOW HITPOINT WARNING * * *
You are engulfed in a cloud of scalding steam.
* * * LOW HITPOINT WARNING * * *
There is an open door here.
You are engulfed in a cloud of scalding steam.
You die...

#######################**********
§§§))§.§...'..#§§§§§.§#,,,,,,,,,*
.####§§§§.##..§§@#..§§#*,,,,,,,,*
§#,*##.§§#######+#$§§$$#****,,,,*
§#+*,###§#,$[##,,#§§§§§#,,,*,,,,*
##,,,*,#§##$$$#,,##$§$$#,∩,*,,,,*
,*,,,**#..###$#,,~###+##,,,*,,,,*
,+,,,,,##.#A#$#,,~,,*,****+*,,,,*
○*,,,,,#..###$#,,~,**+*,,,,**,,,*
○#**++*#.##..$#,,~**,,,,,,,,**,,*
##*,,**#..#+###,,~*,,,,,,,,,,*,,*


There were no monsters in sight!

Vanquished Creatures
  3 fire giants (D)
  A hydra (D)
  2 centaur warriors (D)
  Sonja (D)
  A deep troll (D)
  A lindwurm (D)
  An oklob plant (D)
  A gargoyle (D)
  7 unseen horrors (D)
  2 kobold demonologists (D)
  4 demonic crawlers (D)
  A hornet (D)
  A slime creature (D)
  Sigmund (D)
  13 hogs (D)
  2 redbacks (D)
  A yak (D)
  3 floating eyes (D)
  An ogre (D)
  7 necrophages (D)
  8 jellies (D)
  Ijyb (D)
63 creatures vanquished.

Vanquished Creatures (collateral kills)
  A fire giant (D)
1 creature vanquished.

Vanquished Creatures (others)
  2 ballistomycete spores (D)
2 creatures vanquished.

Grand Total: 66 creatures vanquished

Notes
Turn   | Place    | Note
-------+----------+-------------------------------------------
     0 | D        | Zeld the Minotaur Berserker began the quest for the Orb.
     0 | D        | Reached XP level 1. HP: 19/19 MP: 0/0
     1 | D        | Noticed Ijyb
    10 | D        | Killed Ijyb
    11 | D        | Reached skill level 5 in Axes
    11 | D        | Reached XP level 2. HP: 28/28 MP: 1/1
    99 | D        | Noticed an ogre
   102 | D        | Killed an ogre
   103 | D        | Reached skill level 7 in Axes
   103 | D        | Reached skill level 5 in Armour
   103 | D        | Reached XP level 3. HP: 37/37 MP: 2/2
   103 | D        | Reached XP level 4. HP: 44/44 MP: 3/3
   435 | D        | Noticed Sigmund
   449 | D        | Killed Sigmund
   449 | D        | Reached ** piety under Trog
   450 | D        | Reached skill level 10 in Axes
   450 | D        | Reached XP level 5. HP: 47/52 MP: 4/4
   450 | D        | Reached XP level 6. HP: 54/60 MP: 5/5
   542 | D        | Found a burning altar of Makhleb.
   542 | D        | Found a viscous altar of Jiyva.
   542 | D        | Found a shimmering altar of Xom.
   542 | D        | Found a corrupted altar of Lugonu.
   542 | D        | Noticed a slime creature
   554 | D        | Killed a slime creature
   555 | D        | Reached skill level 11 in Axes
   995 | D        | Noticed a kobold demonologist
   995 | D        | Noticed a floating eye
   995 | D        | Noticed a kobold demonologist
  1005 | D        | Killed a floating eye
  1006 | D        | Reached skill level 12 in Axes
  1006 | D        | Reached XP level 7. HP: 69/69 MP: 6/6
  1010 | D        | Killed a kobold demonologist
  1011 | D        | Reached skill level 13 in Axes
  1014 | D        | Killed a kobold demonologist
  1014 | D        | Reached *** piety under Trog
  1015 | D        | Reached skill level 10 in Fighting
  1015 | D        | Reached XP level 8. HP: 79/79 MP: 7/7
  1171 | D        | Found an ornate altar of the Wu Jian Council.
  1171 | D        | Found a shimmering blue altar of Sif Muna.
  1173 | D        | Found a radiant altar of Vehumet.
  1218 | D        | Found Getuxamm's Magic Scroll Emporium.
  1218 | D        | Found an ancient bone altar of Kikubaaqudgha.
  1218 | D        | Found a hazy altar of Hepliaklqana.
  1218 | D        | Found a stormy altar of Qazlal.
  1218 | D        | Found a hide-covered altar of Uskayaw.
  1218 | D        | Found a blossoming altar of Fedhas.
  1218 | D        | Found a bloodstained altar of Trog.
  1218 | D        | Found an iron altar of Okawaru.
  1218 | D        | Found a basalt altar of Yredelemnul.
  1218 | D        | Found a glowing golden altar of the Shining One.
  1218 | D        | Found a snail-covered altar of Cheibriados.
  1218 | D        | Found a sacrificial altar of Ru.
  1218 | D        | Found a glowing silver altar of Zin.
  1218 | D        | Found a shadowy altar of Dithmenos.
  1218 | D        | Found a white marble altar of Elyvilon.
  1219 | D        | Found an opulent altar of Gozag.
  1223 | D        | Reached skill level 14 in Axes
  1223 | D        | Reached skill level 10 in Armour
  1223 | D        | Found a sparkling altar of Nemelex Xobeh.
  1227 | D        | Bought a scroll of magic mapping for 105 gold pieces
  1227 | D        | Bought a scroll of fear for 56 gold pieces
  1227 | D        | Bought a scroll of identify for 28 gold pieces
  1227 | D        | Bought a scroll of identify for 28 gold pieces
  1227 | D        | Bought a scroll of fear for 56 gold pieces
  1227 | D        | Bought a scroll of identify for 28 gold pieces
  1227 | D        | Bought a scroll of fear for 56 gold pieces
  1235 | D        | Noticed Sonja
  1430 | D        | Killed Sonja
  1430 | D        | Reached **** piety under Trog
  1431 | D        | Reached skill level 15 in Axes
  1431 | D        | Reached skill level 10 in Dodging
  1494 | D        | Found Wus Mas's Armour Boutique.
  1569 | D        | Noticed a deep troll
  1576 | D        | Killed a deep troll
  1577 | D        | Reached XP level 9. HP: 90/90 MP: 2/8
  1619 | D        | Found Geummaar's Armour Emporium.
  1700 | D        | Noticed a centaur warrior
  1700 | D        | Noticed a centaur warrior
  1708 | D        | Killed a centaur warrior
  1709 | D        | Reached skill level 16 in Axes
  1712 | D        | Killed a centaur warrior
  1713 | D        | Reached skill level 17 in Axes
  1820 | D        | Reached ***** piety under Trog
  2023 | D        | Noticed an oklob plant
  2097 | D        | Killed an oklob plant
  2098 | D        | Reached XP level 10. HP: 101/101 MP: 1/9
  2190 | D        | Reached skill level 18 in Axes
  2191 | D        | Noticed a gargoyle
  2200 | D        | Killed a gargoyle
  2288 | D        | Noticed a lindwurm
  2294 | D        | Killed a lindwurm
  2512 | D        | Received a gift from Trog
  2513 | D        | Reached skill level 19 in Axes
  2551 | D        | Reached ****** piety under Trog
  2559 | D        | Received a gift from Trog
  2866 | D        | Reached skill level 20 in Axes
  2870 | D        | Reached XP level 11. HP: 82/111 MP: 6/10
  3244 | D        | Reached skill level 15 in Fighting
  3247 | D        | Received a gift from Trog
  3257 | D        | Paralysed by a floating eye for 3 turns
  3268 | D        | Received a gift from Trog
  3279 | D        | HP: 7/148 [necrophage (3)]
  3281 | D        | Reached skill level 15 in Armour
  3488 | D        | Found Lucif's Armour Shoppe.
  3488 | D        | Found Vosaa's Book Shop.
  3488 | D        | Found Jeatuocu's Assorted Antiques.
  3490 | D        | Found Ylof's General Store.
  3490 | D        | Found Qoetaj's Armour Shop.
  3490 | D        | Found Laleiss's Book Shoppe.
  3490 | D        | Found Ohahap's Jewellery Boutique.
  3490 | D        | Found Plog's Weapon Emporium.
  3490 | D        | Found Erha's Magic Scroll Shop.
  3490 | D        | Found Voss's Jewellery Shoppe.
  3494 | D        | Bought a potion of heal wounds for 120 gold pieces
  3494 | D        | Bought a scroll labelled VUEHES SEMEO for 24 gold pieces
  3494 | D        | Bought a potion of curing for 72 gold pieces
  3494 | D        | Bought a scroll labelled KOCSIZXILU for 24 gold pieces
  3494 | D        | Bought a scroll of magic mapping for 180 gold pieces
  3494 | D        | Bought a scroll labelled YLIEN OSONISO for 24 gold pieces
  3494 | D        | Bought a scroll of identify for 48 gold pieces
  3494 | D        | Found Savvekei's Antique Weapon Boutique.
  3495 | D        | Bought a scroll of enchant armour for 105 gold pieces
  3495 | D        | Bought a scroll of identify for 28 gold pieces
  3495 | D        | Bought a scroll of magic mapping for 105 gold pieces
  3495 | D        | Found Pyutum's Magic Scroll Emporium.
  3495 | D        | Found Uram's Armour Boutique.
  3496 | D        | Found Turoriuw's Book Emporium.
  3500 | D        | Bought a scroll of blinking for 90 gold pieces
  3500 | D        | Bought a scroll of brand weapon for 114 gold pieces
  3500 | D        | Bought a scroll of identify for 24 gold pieces
  3500 | D        | Bought a scroll of enchant weapon for 90 gold pieces
  3500 | D        | Bought a scroll of enchant weapon for 90 gold pieces
  3500 | D        | Bought a scroll of identify for 24 gold pieces
  3503 | D        | Bought a scroll of blinking for 97 gold pieces
  3580 | D        | Noticed a daeva
  3928 | D        | Received a gift from Trog
  3929 | D        | Reached skill level 21 in Axes
  4343 | D        | Noticed a fire giant
  4362 | D        | Killed a fire giant
  4378 | D        | Noticed a fire giant
  4532 | D        | Noticed a fire giant
  4537 | D        | Killed a fire giant
  4543 | D        | Noticed a fire giant
  4559 | D        | Killed a fire giant
  4559 | D        | Received a gift from Trog
  4560 | D        | Reached skill level 22 in Axes
  4754 | D        | Killed a fire giant
  4755 | D        | Reached skill level 15 in Dodging
  5044 | D        | Noticed a 12-headed hydra
  5048 | D        | Killed a nine-headed hydra
  5048 | D        | Paralysed by a floating eye for 3 turns
  5504 | D        | Engulfed by a cloud of steam

Illustrated notes

Levels and vault maps discovered:
D:        dungeon_sprint_1 [red_sonja_temple_1, red_sonja_temple_small_1]

Skill      XL: |  1  2  3  4  5  6  7  8  9 10 11 |
---------------+----------------------------------+-----
Fighting       | 4 6 7 8 10 11 13 14 16 | 16.6
Axes           | 5 7 10 12 13 15 17 20 22 | 22.5
Armour         | 3 5 7 8 9 11 12 14 16 | 16.5
Dodging        | 3 4 6 7 9 10 11 13 15 | 15.2

Action                   |  1- 3 |  4- 6 |  7- 9 | 10-12 || total
-------------------------+-------+-------+-------+-------++-------
Melee: Hand axe          |    10 |    30 |    42 |    79 ||   161
       Headbutt          |     2 |     5 |    12 |    40 ||    59
       Battleaxe         |       |       |       |    46 ||    46
       Punch             |       |       |       |     2 ||     2
       Executioner's axe |       |       |       |    23 ||    23
Invok: Berserk           |     2 |     2 |     4 |     8 ||    16
       Brothers in Arms  |       |       |       |     2 ||     2
       Trog's Hand       |       |       |       |     1 ||     1
Evoke: Wand              |       |       |     3 |       ||     3
  Use: Scroll            |       |       |     1 |    10 ||    11
       Potion            |       |       |       |     2 ||     2
 Stab: Paralysed         |       |       |     2 |       ||     2
       Sleeping          |       |       |     1 |       ||     1
Armor: Animal skin       |     1 |     3 |     8 |    33 ||    45
Dodge: Dodged            |     1 |    19 |    21 |   102 ||   143
